 Dungeon Crawl Stone Soup version 0.29-a0-1043-g569b05d6ff (webtiles) character file.

Game seed: 7187640515910654579

1010 themarg the Caller (level 8, -1/56 HPs)
             Began as a Merfolk Summoner on Aug 15, 2022.
             Succumbed to a scorpion's poison
             ... on level 5 of the Dungeon on Aug 16, 2022.
             The game lasted 00:43:06 (6947 turns).

themarg the Caller (Merfolk Summoner)               Turns: 6947, Time: 00:43:07

Health: -1/56      AC:  4    Str:  8    XL:     8   Next: 21%
Magic:  13/15      EV: 13    Int: 17    God:
Gold:   187        SH:  0    Dex: 14    Spells: 13/17 levels left

rFire   . . .      SeeInvis .   q - +0 spear
rCold   . . .      Faith    .   (no shield)
rNeg    . . .      Spirit   .   a - +0 robe
rPois   .          Reflect  .   A - +0 helmet
rElec   .          Harm     .   (no cloak)
rCorr   .          Rampage  .   h - +0 pair of gloves
Will    .....                   (no boots)
Stlth   +++.......              (no amulet)
HPRegen 0.18/turn               (no ring)
MPRegen 0.14/turn               (no ring)

@: lethally poisoned (-1 -> -11), about to teleport
A: (nimble swimmer 2), mertail
a: no special abilities


You were on level 5 of the Dungeon.
You visited 1 branch of the dungeon, and saw 5 of its levels.
You also visited: Sewer and Ossuary.

You collected 223 gold pieces.
You spent 36 gold pieces at shops.

Inventory:

Hand Weapons
 j - a +0 sling
 n - a +0 halberd
 q - a +0 spear (weapon)
 z - a +1 spectral club
Missiles
 e - 17 poisoned darts
 k - 37 stones
 D - 5 javelins (quivered)
Armour
 a - a +0 robe (worn)
 h - a +0 pair of gloves (worn)
 A - a +0 helmet (worn)
Jewellery
 r - a ring of positive energy
Wands
 B - a wand of iceblast (11)
 C - a wand of flame (23)
Scrolls
 c - 7 scrolls of teleportation
 f - a scroll of brand weapon {unknown}
 i - a scroll of magic mapping
 m - a scroll of butterflies {unknown}
 p - a scroll of noise {unknown}
 s - 3 scrolls of silence
 w - a scroll of enchant armour {unknown}
 x - a scroll of acquirement {unknown}
 y - 3 scrolls of blinking {unknown}
 F - a scroll of poison {unknown}
 G - 2 scrolls of identify
Potions
 b - a potion of magic
 d - 4 potions of lignification {unknown}
 g - 7 potions of curing
 l - 2 potions of mutation
 o - a potion of resistance
 t - a potion of degeneration {unknown}
 u - a potion of invisibility {unknown}
 v - a potion of flight {unknown}
 E - a potion of haste {unknown}
 H - a potion of cancellation {unknown}
 I - a potion of brilliance {unknown}


   Skills:
 + Level 2.0 Fighting
 + Level 4.8 Polearms
 + Level 3.9 Dodging
 + Level 4.0 Stealth
 + Level 5.2 Spellcasting
 + Level 6.3 Summonings


You had 13 spell levels left.
You knew the following spells:

 Your Spells              Type           Power      Damage    Failure   Level
a - Summon Small Mammal   Summ           100%       N/A       1%          1
b - Call Canine Familiar  Summ           26%        N/A       3%          3

Your spell library contained the following spells:

 Spells                   Type           Power      Damage    Failure   Level
 Call Imp                 Summ           26%        N/A       1%          2
 Summon Guardian Golem    Hex/Summ       15%        N/A       12%         3
 Summon Lightning Spire   Summ/Air       15%        N/A       36%         4
 Conjure Flame            Conj/Fire      4%         6-21      38%         3
 Gell's Gravitas          Tloc           4%         N/A       38%         3
 Ignite Poison            Fire/Tmut/Pois 4%         N/A       38%         3
 Lesser Beckoning         Tloc           4%         N/A       38%         3
 Teleport Other           Tloc           4%         N/A       38%         3
 Sticky Flame             Conj/Fire      4%         2d3       80%         4


Dungeon Overview and Level Annotations

Branches:
Dungeon (5/15)              Sewer (visited)         Ossuary (visited)
 Temple: D:4-7

Altars:
Ashenzari
Makhleb
Uskayaw

Shops:
D:3 *

Annotations:
D:3 1 runed translucent door, testman's ghost, weakling DrTm


Innate Abilities, Weirdness & Mutations

((You are very nimble when in or above water. (Stealth+, EV+, Speed+++)))
Your lower body shifts to a powerful aquatic tail in water.


Message History

You feel better.
Your hound barely misses the scorpion.
The hound closely misses you.
Your rat bites the scorpion.
The scorpion stings you but does no damage.
Your hound bites the scorpion but does no damage.
The hound closely misses you. Something barely misses your hound.
The scorpion attacks as you move away! The scorpion stings you.
The hound attacks as you move away! The hound barely misses you.
Something barely misses your rat. The scorpion attacks as you move away!
The scorpion stings you.
You are poisoned.
The scorpion poisons you!
You feel sick.
The orc shouts!
The hound bites something.
Your hound bites the hound.
The dart slug closely misses you. The hound closely misses your rat.
You feel sick. The dart slug launches a dart at you. The slug dart hits you.
* * * LOW HITPOINT WARNING * * *
The scorpion stings you.
* * * LOW HITPOINT WARNING * * *
You are lethally poisoned!
The scorpion poisons you! The ogre closely misses you.
As you read the scroll of teleportation, it crumbles to dust.
You feel strangely unstable.
* * * LOW HITPOINT WARNING * * *
You feel very sick. Something bites your rat.
Your rat dies!
Your rat's corpse disappears in a puff of smoke!
The dart slug launches a dart at you. The slug dart misses you.
The scorpion stings you.
* * * LOW HITPOINT WARNING * * *
The scorpion attacks as you move away!
The scorpion stings you but does no damage.
* * * LOW HITPOINT WARNING * * *
You feel very sick. The dart slug closely misses you.
You see here a +0 flail.
The scorpion attacks as you move away! The scorpion misses you.
You die...

,,,,,,,,,,,.........#####........
,,,,,,,,,,w.....w....# #.w..$...
,,,,......#......##..# ##w......
*,,,......#......##..### #.....).
*,,,,.....#.......#....# #.......
*,,,,,.......[....#..#.# #.......
*,,,,,,#........<.#....###.......
*,,,,,,#.....#..........w........
*,,,,,,#.....o..@.#.######......w
*,,,,,,#.....wO)w................
*,,,,,,#.#.)w.s####.######.......
*,,,,,,#....##.# #.# #.......
*,,,,,,#...h.§h# #.# #.......
*******###.###.#**#.# ##.###.#
#.,,....,..# *.# *.. ##**###.#*,*
*,* *** *...,*******,*


You could see an ogre, a scorpion, 5 dart slugs and an orc.

Vanquished Creatures
  An elf zombie (Ossuary)
  A jelly (D:4)
  A human zombie (Ossuary)
  A centaur zombie (Ossuary)
  An orc wizard (D:3)
  A mummy (Ossuary)
  An adder (D:3)
  3 river rats (Sewer)
  An adder zombie (Ossuary)
  A dart slug (D:3)
  4 ball pythons
  3 bats
  An endoplasm (D:3)
  9 goblins
  4 hobgoblins
  A jackal (Sewer)
  5 frilled lizards
  A hobgoblin zombie (Ossuary)
  A jackal zombie (Ossuary)
  2 kobolds (Sewer)
  A rat (D:3)
  A rat zombie (Ossuary)
45 creatures vanquished.

Vanquished Creatures (collateral kills)
  Sigmund (D:2)
  A phantom (D:4)
  An elf zombie (Ossuary)
  A centaur zombie (Ossuary)
  2 orc priests
  2 human zombies (Ossuary)
  A hound (D:4)
  Ijyb (D:3)
  2 hound zombies (Ossuary)
  2 mummies (Ossuary)
  Robin (D:3)
  7 adders
  2 river rats (Sewer)
  3 adder zombies (Ossuary)
  10 orcs
  3 endoplasms
  A giant cockroach (D:1)
  6 goblins
  7 hobgoblins
  6 ball pythons
  2 bats
  4 frilled lizards
  3 goblin zombies (Ossuary)
  2 hobgoblin zombies (Ossuary)
  7 jackal zombies (Ossuary)
  8 kobolds
  A kobold zombie (Ossuary)
  An orc zombie (Ossuary)
  4 quokka zombies (Ossuary)
  6 rats
  A rat zombie (Ossuary)
99 creatures vanquished.

Vanquished Creatures (others)
  18 plants
18 creatures vanquished.

Grand Total: 162 creatures vanquished

Notes
Turn   | Place    | Note
-------+----------+-------------------------------------------
     0 | D:1      | themarg the Merfolk Summoner began the quest for the Orb.
     0 | D:1      | Reached XP level 1. HP: 13/13 MP: 3/3
   482 | D:1      | Found a faded altar of an unknown god.
   661 | D:1      | Reached XP level 2. HP: 10/19 MP: 0/5
  2042 | D:2      | Noticed Sigmund
  2244 | D:2      | Reached XP level 3. HP: 17/24 MP: 6/6
  2330 | D:2      | Learned a level 3 spell: Call Canine Familiar
  3002 | D:2      | Killed Sigmund
  3003 | D:2      | Reached skill level 5 in Summonings
  3003 | D:2      | Reached XP level 4. HP: 31/31 MP: 3/9
  3003 | D:2      | Reached XP level 5. HP: 36/36 MP: 3/10
  3089 | D:3      | Found a glowing drain.
  3130 | Sewer    | Entered a sewer
  3245 | Sewer    | Reached XP level 6. HP: 42/42 MP: 8/11
  4297 | D:3      | Reached skill level 1 in Fighting
  4359 | D:3      | Noticed Robin
  4379 | D:3      | Killed Robin
  4743 | D:3      | Found Xicluruy's General Store.
  4747 | D:3      | Bought a potion of curing for 36 gold pieces
  5105 | D:3      | Noticed Ijyb
  5115 | D:3      | Killed Ijyb
  5116 | D:3      | Reached XP level 7. HP: 36/48 MP: 10/13
  5198 | D:3      | Found a runed translucent door.
  5198 | D:3      | Noticed testman's ghost (weakling DrTm)
  5550 | D:4      | Found a hide-covered altar of Uskayaw.
  5590 | D:4      | Found a burning altar of Makhleb.
  5591 | D:4      | Found a broken altar of Ashenzari.
  6378 | D:5      | Entered Level 5 of the Dungeon
  6405 | D:5      | Found a sand-covered staircase.
  6414 | Ossuary  | Entered an ossuary
  6490 | Ossuary  | Reached skill level 6 in Summonings
  6690 | Ossuary  | Reached XP level 8. HP: 56/56 MP: 11/15
  6777 | Ossuary  | Reached skill level 5 in Spellcasting
  6946 | D:5      | HP: 1/56 [poisoned by a scorpion]
  6947 | D:5      | Succumbed to a scorpion's poison

Illustrated notes

Levels and vault maps discovered:
D:1:      erik_arrival_triangle_small, layout_loops_cross,
          ebering_ecumenical_altar_webs, serial_co_window_serial,
          co_window_corner_a, co_window_of_opportunity_a, co_window_paths_a,
          co_window_paths_a, co_window_paths_a, co_window_paths_a,
          co_window_of_opportunity_a, co_window_paths_b,
          co_window_of_opportunity_a, co_window_of_opportunity_b,
          co_window_of_opportunity_c, co_window_of_opportunity_b,
          co_window_corner_b, co_window_of_opportunity_c, co_window_broadway_c,
          co_window_2corner, glass_columns_a, glass_columns_a, glass_columns_a,
          minmay_lizard_king
D:2:      layout_basic, uniq_sigmund
D:3:      layout_loops_cross, portal_sewer_entry_a, serial_shops,
          nicolae_shop_stone, ebering_ghost_inner_flame, uniq_robin, uniq_ijyb
D:4:      layout_basic, marbit_many_paths, grunt_temple_overflow_open
D:5:      kennysheep_slugbush, layout_basic, nicolae_ossuary_entry_ruins,
          fountainhead, uniq_prince_ribbit1, uniq_pikel

Skill      XL: |  1  2  3  4  5  6  7  8 |
---------------+-------------------------+-----
Polearms       | 2 3 4 |  4.8
Spellcasting   | 3 4 5 |  5.2
Summonings     | 5 6 |  6.3
Stealth        | 3 4 |  4.0
Fighting       | 1 2 |  2.0
Dodging        | 3 |  3.9

Action                   |  1- 3 |  4- 6 |  7- 9 || total
-------------------------+-------+-------+-------++-------
Melee: Short sword       |     9 |       |       ||     9
       Unarmed           |     3 |       |       ||     3
       Halberd           |    25 |       |       ||    25
       Spear             |    24 |   146 |   149 ||   319
       Tailslap          |       |    10 |       ||    10
       Punch             |       |     1 |       ||     1
Throw: Javelin           |       |       |     1 ||     1
 Cast: Summon Small Mamm |    45 |     7 |    19 ||    71
       Call Canine Famil |     1 |    22 |    16 ||    39
  Use: Scroll            |       |       |     7 ||     7
       Potion            |       |       |     1 ||     1
 Stab: Sleeping          |     1 |     4 |       ||     5
       Distracted        |       |     1 |     7 ||     8
Armor: Robe              |     9 |    17 |    20 ||    46
Dodge: Dodged            |    40 |    57 |    90 ||   187

Table legend: (Time is in decaauts)
 A = Elapsed time spent in this place.
 B = Non-inter-level travel time spent in this place.
 C = Inter-level travel time spent in this place.
 D = Time resting spent in this place.
 E = Time spent auto-exploring this place.
 F = Levels seen in this place.
 G = Mean time per level.
                   A        B        C        D        E       F      G
               +--------+--------+--------+--------+--------+-----+--------+
         Total |   6815 |   6656 |    159 |   2279 |   2765 |   7 |  973.6 |
       Dungeon |   5551 |   5392 |    159 |   1883 |   2515 |   5 | 1110.2 |
         Sewer |    760 |    760 |      0 |    285 |    250 |   1 |  760.0 |
       Ossuary |    503 |    503 |      0 |    111 |      0 |   1 |  503.0 |
               +--------+--------+--------+--------+--------+-----+--------+

Top non-repeatable levels by time:
     D:1: 1873 daAuts
     D:3: 1332 daAuts
     D:2: 1221 daAuts
     D:4: 1075 daAuts
   Sewer: 760 daAuts
 Ossuary: 503 daAuts
     D:5: 47 daAuts
